Map: Ruby Rock LE

Players

ShutYourGob

  • Race: Terran Terran
  • League: Diamond
  • Spawn Location: 11:00

Kan - Winner!

  • Race: Zerg Zerg
  • League: Diamond
  • Spawn Location: 5:00

VOD

Have the link to the VOD?

Description

Time

  • Played on: May 24, 2026, 7:39 p.m.
  • Length: 10:39
Show
View Real Time Build Order
Export as new Build Order

ShutYourGob Terran 

Build Orders: 2 Factory, Cyclone Opening 

Get SALT Encoding   

  12  0:00  SCV  
  13  0:13  SCV  
  14  0:17  Supply Depot  
  14  0:25  SCV  
  15  0:39  SCV  
  15  0:40  Barracks  
  16  0:43  Refinery  
  16  0:51  SCV  
  17  1:03  SCV  
  18  1:15  SCV  
  19  1:27  Orbital Command  
  19  1:38  Command Center  
  19  1:51  Factory  
  19  1:54  Barracks Tech Lab  
  19  1:57  SCV  
  20  2:05  Supply Depot  
  20  2:09  SCV  
  20  2:15  Marine  
  21  2:21  SCV  
  23  2:23  Refinery  
  23  2:33  SCV  
  24  2:43  Cyclone  
  27  2:45  SCV  
  28  2:51  Orbital Command  
  28  2:57  SCV  
  29  3:00  Factory  
  29  3:09  SCV  
  29  3:10  Barracks Reactor  
  30  3:19  SCV  
  31  3:22  SCV, Refinery  
  32  3:27  Supply Depot, Cyclone  
  32  3:31  SCV  
  32  3:34  SCV  
  37  3:36  Supply Depot  
  37  3:43  SCV  
  37  3:46  SCV  
  39  3:55  SCV  
  40  3:56  Factory  
  40  3:58  SCV, Refinery  
  41  4:05  Hellion x2  
  41  4:07  SCV  
  46  4:10  Barracks Tech Lab  
  46  4:12  Supply Depot  
  46  4:13  Cyclone  
  46  4:14  SCV  
  46  4:15  Infernal Pre-Igniter  
  50  4:21  Supply Depot  
  50  4:23  SCV  
  51  4:26  SCV  
  52  4:35  Supply Depot  
  52  4:41  SCV x2  
  54  4:47  Hellion x2  
  58  4:53  SCV  
  58  4:54  SCV  
  58  4:55  Supply Depot  
  58  4:58  Armory  
  60  5:00  Cyclone  
  60  5:05  SCV  
  60  5:06  SCV  
  65  5:10  Mag-Field Accelerator  
  65  5:12  Hellion x2  
  69  5:17  SCV  
  69  5:18  SCV  
  69  5:21  Supply Depot  
  71  5:23  Engineering Bay  
  71  5:29  SCV  
  71  5:30  SCV  
  71  5:31  Barracks Reactor, Factory  
  71  5:35  Cyclone  
  76  5:41  SCV  
  78  5:42  SCV  
  78  5:43  Starport  
  78  5:48  Cyclone  
  81  5:53  SCV  
  81  5:55  SCV  
  83  6:01  Hellion x2  
  87  6:05  SCV  
  87  6:07  SCV  
  89  6:12  Command Center  
  89  6:17  Cyclone  
  94  6:21  Starport Tech Lab  
  94  6:25  Cyclone, Hellion x2  
  95  6:38  Hellion  
  91  6:46  Hellion  
  89  6:49  Cyclone  
  90  6:57  Cyclone, Armory  
  90  6:59  Raven  
  95  7:04  SCV x2  
  97  7:10  Supply Depot  
  88  7:16  SCV  
  88  7:21  Cyclone  
  92  7:29  Cyclone  
  87  7:53  Hellion, Cyclone  
  87  7:56  SCV x2  
  92  8:01  Cyclone  
  92  8:04  Supply Depot  
  95  8:08  Hellion x2, SCV  
  96  8:25  Cyclone  
  99  8:30  SCV  
  99  8:31  SCV, Factory  
  99  8:33  Cyclone  
  104  8:46  Hellion  
  106  8:52  Hellion x2  
  108  8:57  Cyclone  
  108  8:58  SCV x2  
  109  9:05  Cyclone  
  109  9:07  Hellion  
  105  9:13  Hellion x2  
  105  9:15  SCV x3  
  95  9:28  SCV, Hellion  
  95  9:29  Cyclone  
  101  9:35  Hellion x2  
  101  9:37  Cyclone  
  108  9:40  Raven  
  110  9:50  Hellion  
  104  9:56  Hellion x2  
  108  10:01  Cyclone  
  103  10:11  Hellion  
  106  10:17  Hellion  
  106  10:18  Hellion  
  110  10:22  SCV  
Show
View Real Time Build Order
Export as new Build Order

Kan Zerg - Winner!

Build Orders: Hatch First 

Get SALT Encoding   

  12  0:00  Drone  
  13  0:08  Drone  
  14  0:15  Extractor, Drone  
  15  0:21  Overlord  
  15  0:42  Drone  
  16  0:46  Hatchery  
  15  0:50  Drone  
  15  0:52  Drone  
  15  0:56  Drone  
  18  1:08  Extractor  
  17  1:12  Spawning Pool  
  17  1:15  Drone  
  17  1:18  Drone  
  18  1:29  Drone  
  19  1:46  Drone  
  20  1:50  Drone  
  21  1:59  Queen x2  
  21  2:00  Zergling x2  
  21  2:01  Zergling x2  
  27  2:16  Drone, Overlord  
  28  2:27  Metabolic Boost  
  28  2:35  Drone x3  
  28  2:36  Drone  
  32  2:46  Overlord  
  32  2:47  Hatchery  
  31  2:53  Queen  
  33  2:59  Drone x3  
  36  3:08  Drone x2  
  36  3:09  Drone  
  36  3:10  Overlord  
  39  3:13  Drone  
  39  3:14  Drone  
  41  3:25  Overlord  
  41  3:28  Queen  
  43  3:38  Drone x6  
  49  3:54  Spore Crawler  
  48  4:00  Drone x4  
  52  4:06  Queen, Spore Crawler  
  52  4:07  Roach Warren, Evolution Chamber  
  51  4:12  Drone  
  51  4:13  Extractor  
  51  4:14  Drone x3  
  51  4:16  Queen  
  54  4:23  Lair  
  56  4:29  Drone x2  
  56  4:30  Overlord x2  
  58  4:33  Overlord  
  58  4:34  Extractor  
  58  4:36  Drone  
  58  4:45  Overlord x2  
  58  4:46  Overlord  
  58  4:56  Drone x3  
  58  4:58  Evolution Chamber  
  60  5:03  Roach x5  
  60  5:04  Roach  
  74  5:07  Roach  
  74  5:13  Roach x3  
  80  5:25  Roach x4  
  88  5:34  Roach x5  
  98  5:39  Overlord x2  
  98  5:42  Glial Reconstitution  
  96  5:57  Queen x2  
  102  6:08  Extractor, Drone x8  
  102  6:10  Drone  
  102  6:11  Drone  
  111  6:13  Drone  
  112  6:23  Burrow  
  110  6:26  Roach x2  
  110  6:27  Overlord x4  
  106  6:45  Roach x9  
  116  6:52  Roach  
  116  6:53  Roach x3  
  112  7:05  Roach x4  
  120  7:13  Roach x3  
  126  7:18  Tunneling Claws  
  126  7:20  Zerg Missile Weapons Level 1  
  130  7:31  Roach  
  130  7:33  Overlord x5  
  128  7:37  Overlord x3  
  128  7:43  Drone x2  
  126  7:51  Spore Crawler, Extractor x2  
  116  7:52  Drone x3  
  116  7:54  Drone x3  
  116  7:58  Hatchery  
  118  8:08  Drone x3  
  118  8:09  Drone  
  112  8:20  Roach x8  
  126  8:29  Roach  
  126  8:30  Roach x5  
  138  8:36  Roach x2  
  138  8:41  Roach x2  
  146  8:45  Roach x5  
  152  8:57  Roach x7  
  152  9:01  Roach  
  156  9:03  Hatchery  
  156  9:06  Roach  
  145  9:12  Roach x6  
  145  9:14  Roach  
  137  9:17  Roach  
  137  9:18  Roach  
  133  9:29  Roach  
  133  9:30  Roach x5  
  145  9:34  Roach  
  145  9:37  Roach x17  
  147  9:40  Hydralisk Den  
  147  9:43  Ravager x8  
  153  9:52  Roach x5  
  159  9:54  Roach  
  159  9:55  Roach  
  159  9:56  Roach x13  
  157  10:00  Roach x15  
  157  10:01  Roach x2  
  153  10:11  Roach x5  
Tags
 
Add a new tag
Caveats
  • Supply blocks, unpowered buildings, or Contaminate may cause inaccurate times.
  • Supply counts are checked every 10 seconds.